Map: Oxide LE

Players

Astrea

  • Race: Protoss Protoss
  • League: Master

Neeb - Winner!

  • Race: Protoss Protoss

Event: DreamHack SC2 Masters 2021 Summer

VOD

Have the link to the VOD?

Description

Time

  • Played on: June 5, 2021, 4:48 p.m.
  • Length: 5:21

All games in this series

Show
View Real Time Build Order
Export as new Build Order

Astrea Protoss 

Build Orders: Blink Stalkers 

Get SALT Encoding   

  12  0:00  Probe  
  13  0:12  Probe  
  14  0:17  Pylon  
  14  0:24  Probe (Chrono Boost)  
  15  0:36  Probe (Chrono Boost)  
  15  0:37  Gateway  
  16  0:44  Probe (Chrono Boost)  
  16  0:46  Assimilator  
  17  0:51  Probe  
  17  0:55  Assimilator  
  18  1:03  Probe (Chrono Boost)  
  19  1:04  Pylon  
  19  1:12  Probe (Chrono Boost)  
  19  1:17  Probe (Chrono Boost)  
  20  1:24  Cybernetics Core  
  21  1:29  Probe  
  24  1:41  Probe  
  25  1:53  Probe  
  26  2:04  Stalker (Chrono Boost)  
  26  2:06  Probe  
  26  2:08  Warp Gate  
  27  2:11  Pylon  
  27  2:18  Probe  
  28  2:26  Stalker  
  29  2:30  Probe  
  30  2:45  Probe  
  30  2:50  Twilight Council  
  31  2:55  Gateway  
  31  2:57  Gateway  
  31  3:01  Gateway  
  31  3:04  Shield Battery  
  31  3:08  Stalker  
  33  3:22  Blink (Chrono Boost)  
  33  3:37  Nexus  
  33  3:50  Pylon  
  33  3:57  Stalker  
  35  4:03  Stalker  
  35  4:08  Stalker  
  28  4:23  Stalker  
  30  4:24  Probe  
  30  4:27  Stalker  
  30  4:31  Pylon  
  33  4:33  Stalker  
  33  4:38  Probe  
  35  4:47  Stalker  
  37  4:58  Stalker  
  40  5:03  Probe  
Show
View Real Time Build Order
Export as new Build Order

Neeb Protoss - Winner!

Build Orders: Oracle Opening 

Get SALT Encoding   

  12  0:00  Probe  
  13  0:12  Probe  
  14  0:17  Pylon  
  14  0:24  Probe (Chrono Boost)  
  15  0:36  Probe (Chrono Boost)  
  15  0:37  Gateway  
  16  0:44  Probe (Chrono Boost)  
  16  0:47  Assimilator  
  17  0:51  Probe  
  17  0:56  Assimilator  
  18  1:03  Probe (Chrono Boost)  
  19  1:07  Pylon  
  19  1:14  Probe (Chrono Boost)  
  20  1:18  Probe (Chrono Boost)  
  20  1:25  Cybernetics Core  
  21  1:29  Probe  
  22  1:33  Zealot  
  24  1:41  Probe  
  25  1:53  Probe  
  26  2:02  Pylon  
  26  2:05  Stargate  
  26  2:07  Probe  
  27  2:11  Warp Gate  
  27  2:20  Cybernetics Core  
  27  2:39  Nexus  
  27  2:46  Oracle (Chrono Boost)  
  29  2:54  Pylon  
  29  2:56  Probe  
  30  3:05  Shield Battery  
  30  3:08  Probe  
  31  3:13  Oracle (Chrono Boost)  
  34  3:20  Probe  
  35  3:27  Gateway  
  35  3:32  Probe  
  36  3:43  Robotics Facility  
  36  3:45  Probe  
  37  3:53  Probe  
  36  3:59  Stalker  
  36  4:01  Shield Battery  
  38  4:07  Void Ray (Chrono Boost), Pylon  
  42  4:22  Stalker  
  44  4:24  Stalker  
  46  4:32  Immortal (Chrono Boost)  
  50  4:45  Probe x2  
  52  4:47  Stalker  
  54  4:54  Stalker  
  56  5:03  Shield Battery  
  56  5:15  Stalker  
Tags
 
Add a new tag
Caveats
  • Supply blocks, unpowered buildings, or Contaminate may cause inaccurate times.
  • Supply counts are checked every 10 seconds.